 Dungeon Crawl Stone Soup version 0.20.1-1-g8b1a95d (webtiles) character file.

168 slep the Ducker (level 5, -1/58 HPs)
             Began as a Demonspawn Gladiator on Oct 23, 2017.
             Slain by a wight
             ... wielding a cursed +3 falchion of freezing
              (3 damage)
             ... on level 3 of the Dungeon.
             The game lasted 00:11:24 (2114 turns).

slep the Ducker (Demonspawn Gladiator)              Turns: 2114, Time: 00:11:25

Health: -1/58      AC: 22    Str: 14 (16) XL:     5   Next: 23%
Magic:  5/5        EV:  2    Int:  8 (11) God:
Gold:   120        SH:  0    Dex: 11 (14) Spells: 4/4 levels left

rFire    + . .     SeeInvis .   p - +0 long sword
rCold    + . .     Gourm    .   (no shield)
rNeg     + + +     Faith    .   (armour currently unavailable)
rPois    +         Spirit   .   (helmet currently unavailable)
rElec    +         Reflect  .   (cloak currently unavailable)
rCorr    +         Harm     .   (gloves currently unavailable)
MR       .....     NoTele   +   (boots currently unavailable)
Stlth    ++........             (no amulet)
Regen    0.2/turn               v - ring of resist corrosion
MPRegen  0.1/turn               (no ring)

@: tree-form, resistant
A: clever 1, mutation resistance 1, rot immunity
a: no special abilities


You were on level 3 of the Dungeon.
You were very hungry.
You were a tree.
You visited 1 branch of the dungeon, and saw 3 of its levels.

You collected 120 gold pieces.

Inventory:

Hand Weapons
 a - a +0 flail
 p - a +0 long sword (weapon)
Missiles
 d - 3 throwing nets (quivered)
 g - 24 sling bullets
Armour
 b - a +0 leather armour (melded)
 c - a +0 helmet (melded)
 j - a scarf of resistance (melded)
Jewellery
 v - a ring of resist corrosion (left branch)
Scrolls
 e - 4 scrolls of identify {unknown}
 h - a scroll of recharging {unknown}
 i - 2 scrolls of enchant armour {unknown}
 l - a scroll of noise {unknown}
 r - 3 scrolls of amnesia {unknown}
Potions
 m - a potion of haste
 t - a potion of curing {unknown}
Comestibles
 f - 3 bread rations
 s - 3 royal jellies
 u - a meat ration


   Skills:
 + Level 2.6 Fighting
 + Level 1.3 Long Blades
 + Level 3.4 Maces & Flails
 + Level 1.7 Throwing
 + Level 1.5 Armour
 + Level 3.6 Dodging
 + Level 1.3 Stealth


You had 4 spell levels left.
You didn't know any spells.

Dungeon Overview and Level Annotations

Branches:
Dungeon (3/15)

Altars:


Innate Abilities, Weirdness & Mutations

((You are partially covered in thin metallic scales. (AC +2)))
You are immune to rotting.
Your mind is acute. (Int +2)
((Your flesh is heat resistant. (rF+)))
You are somewhat resistant to further mutation.


Message History

* * * LOW HITPOINT WARNING * * *
The wight freezes you.
* * * LOW HITPOINT WARNING * * *
It was a potion of resistance.
You feel protected. The wight hits you but does no damage.
It was a potion of lignification.
You turn into a tree.
Your scarf of resistance melds into your body.
Your +0 helmet melds into your body.
Your +0 leather armour melds into your body.
You feel hot and cold all over.
Your roots penetrate the ground.
It was a potion of degeneration.
There was something very wrong with that liquid.
You feel weakened.
You feel dopey.
You feel clumsy.
The wight hits you with a falchion of freezing.
* * * LOW HITPOINT WARNING * * *
You closely miss the wight.
The wight is heavily damaged.
The wight hits you with a falchion of freezing.
You die...

#.###'#### ########. # #.#.....#
#. # #.#.....# #. ####.#.....####
#. .....#...(....# #######.
######.....z..# #######.......
..(...........# #....##.......
#####....)....######....##.......
#............zgz♣....(...........
#.##..........######.......######
#.##.......#.## #.......#
#.##....>..#.# #.......#
#.##.......#.# ##############
....##.#####.# #......#
....##.##....# #......#
....##.##....# #......#
....##.##....# #......#


You could see 2 wights and a hobgoblin.

Vanquished Creatures
  A wight (D:3)
  4 adders
  4 worms
  2 dart slugs
  5 leopard geckos
  An orc (D:3)
  7 bats
  4 giant cockroaches
  6 hobgoblins
  2 jackals (D:1)
  7 kobolds
  3 quokkas
  A ball python (D:1)
  6 frilled lizards
  10 goblins
  8 rats
71 creatures vanquished.

Notes
Turn   | Place    | Note
-------+----------+-------------------------------------------
     0 | D:1      | slep the Demonspawn Gladiator began the quest for the Orb.
     0 | D:1      | Reached XP level 1. HP: 16/16 MP: 1/1
   106 | D:1      | Gained mutation: You are partially covered in thin metallic scales. (AC +2) [demonic ancestry]
   106 | D:1      | Reached XP level 2. HP: 19/22 MP: 2/2
   437 | D:1      | Reached XP level 3. HP: 23/27 MP: 3/3
  1135 | D:2      | Reached XP level 4. HP: 31/34 MP: 4/4
  1174 | D:2      | Reached skill level 1 in Stealth
  1182 | D:2      | HP: 1/34 [worm (4)]
  1478 | D:3      | Reached skill level 1 in Armour
  2107 | D:3      | Reached skill level 1 in Long Blades
  2107 | D:3      | Gained mutation: You are immune to rotting. [demonic ancestry]
  2107 | D:3      | Reached XP level 5. HP: 24/39 MP: 5/5
  2108 | D:3      | Gained mutation: Your flesh is heat resistant. (rF+) [potion of mutation]
  2108 | D:3      | Gained mutation: Your mind is acute. (Int +2) [potion of mutation]
  2108 | D:3      | Gained mutation: You are somewhat resistant to further mutation. [potion of mutation]
  2113 | D:3      | HP: 2/58 [wight/falchion of freezing (2)]
  2114 | D:3      | Slain by a wight

Skill      XL: |  1  2  3  4 |
---------------+-------------+-----
Maces & Flails | 3 |  3.4
Dodging        | 3 |  3.6
Stealth        | 1 |  1.3
Armour         | 1 |  1.5
Long Blades    | 1 |  1.3
Fighting       | |  2.6
Throwing       | |  1.7

Action                   |  1- 3 |  4- 6 || total
-------------------------+-------+-------++-------
Melee: Flail             |   123 |       ||   123
       Long sword        |    22 |    92 ||   114
  Use: Potion            |       |     6 ||     6
 Stab: Sleeping          |     2 |     4 ||     6
  Eat: Chunk             |     1 |     2 ||     3
Armor: Leather armour    |    60 |    37 ||    97
Dodge: Dodged            |    93 |    64 ||   157
       Rpst.: Long sword |     7 |    18 ||    25
